 Dungeon Crawl Stone Soup version 0.17-a0-491-gbd49765 (webtiles) character file.

98 rndguy the Conjurer (level 4, -3/35 HPs)
             Began as a Draconian Conjurer on Apr 10, 2015.
             Killed from afar by an orc wizard (5 damage)
             ... with a magic dart
             ... on level 3 of the Dungeon.
             The game lasted 00:17:46 (1817 turns).

rndguy the Conjurer (Draconian Conjurer)            Turns: 1817, Time: 00:17:46

Health: -3/35      AC:  6    Str: 10      XL:     4   Next: 44%
Magic:  4/8        EV: 12    Int: 17      God:
Gold:   128        SH:  0    Dex:  8 (11) Spells: 1 memorised, 7 levels left

rFire  . . .     SeeInvis .     h - +0 short sword
rCold  + . .     Clarity  .     (armour unavailable)
rNeg   . . .     SustAb   .     (no shield)
rPois  .         Gourm    .     (helmet restricted)
rElec  .         Spirit   .     (no cloak)
rCorr  .         Warding  .     a - +0 pair of gloves
rMut   .         Stasis   .     (no boots)
MR     .....                    (no amulet)
Stlth  ++........               (no ring)
                                d - ring of protection from cold

@: very slightly contaminated, not resistant to hostile enchantments, unstealthy
A: unfitting armour, cold-blooded, AC +5
a: no special abilities


You were on level 3 of the Dungeon.
You were not hungry.

You visited 1 branch of the dungeon, and saw 3 of its levels.

You collected 128 gold pieces.

Inventory:

Hand weapons
 h - a +0 short sword (weapon)
Armour
 a - a +0 pair of gloves (worn)
Jewellery
 d - a ring of protection from cold (left hand)
Magical devices
 j - a wand of enslavement (17)
Scrolls
 i - a scroll of identify
Potions
 k - a potion of ambrosia {unknown}
Books
 c - a book of Conjurations

   Spells                             Type                      Level
   a - Magic Dart                     Conjuration                  1
   b - Searing Ray                    Conjuration                  2
   c - Dazzling Spray                 Conjuration/Hexes            3
   d - Fulminant Prism                Conjuration/Hexes            4
   e - Iskenderun's Mystic Blast      Conjuration                  4
   f - Iskenderun's Battlesphere      Conjuration/Charms           5
Comestibles
 b - a bread ration
 f - 2 meat rations
 g - a royal jelly


   Skills:
 + Level 1.2 Fighting
 + Level 2.2 Dodging
 + Level 2.1 Stealth
 + Level 0.6 Unarmed Combat
 + Level 2.7 Spellcasting
 + Level 4.7 Conjurations


You had 7 spell levels left.
You knew the following spells:

 Your Spells              Type           Power        Failure   Level  Hunger
a - Magic Dart            Conj           ###.         2%          1    #......


Dungeon Overview and Level Annotations

Branches:
Dungeon (3/15)

Altars:


Innate Abilities, Weirdness & Mutations

Your plain brown scales are hard (AC +5).
Your body does not fit into most forms of armour.
You are cold-blooded and may be slowed by cold attacks.


Message History

Nothing appears to happen.
The orc wizard misses you.
You closely miss the orc wizard.
The orc wizard is moderately wounded.
The orc wizard points at you and mumbles some strange words.
The magic dart hits you!
* * * LOW HITPOINT WARNING * * *
The orc priest hits you with a dagger of speed.
* * * LOW HITPOINT WARNING * * *
The orc wizard casts a spell at you. The magic dart hits you!
* * * LOW HITPOINT WARNING * * *
Read which item? (? for menu, Esc to quit)
Blink to where?
Press: ? - help, Dir - move target cursor, p - orc wizard
As you read the scroll of blinking, it crumbles to dust.
The orc wizard casts a spell at you. You resist with some effort.
The orc wizard casts a spell at you. The magic dart hits you!
You die...

#.............................#
.............................#
..............................
#.....................(.......#
#..............(..............#
#................)............#
.............................#
.............................#
.............@.<..............
............................#
...........................#
............................#
........(....................
..........o.......>..........
.......o....................
$.......o##.............#(#.
..........#.#######.#.###.#.


You could see an orc priest, an orc wizard and an orc.

Vanquished Creatures
  2 adders (D:3)
  3 gnolls (D:3)
  An ooze (D:1)
  3 orcs (D:3)
  7 bats
  4 giant cockroaches
  4 hobgoblins
  2 quokkas
  A ball python (D:3)
  2 giant geckos
  2 giant newts (D:1)
  5 goblins
  6 kobolds
  3 rats
45 creatures vanquished.

Notes
Turn   | Place    | Note
--------------------------------------------------------------
     0 | D:1      | rndguy, the Draconian Conjurer, began the quest for the Orb.
     0 | D:1      | Reached XP level 1. HP: 14/14 MP: 3/3
   261 | D:1      | Reached XP level 2. HP: 11/20 MP: 1/5
  1171 | D:2      | Reached XP level 3. HP: 26/26 MP: 4/6
  1488 | D:3      | Reached skill level 1 in Fighting
  1488 | D:3      | Reached XP level 4. HP: 22/35 MP: 5/8
  1813 | D:3      | HP: 1/35 [orc wizard/magic dart (7)]
  1817 | D:3      | Killed from afar by an orc wizard

Action                   |  1- 3 |  4- 6 || total
-------------------------+-------+-------++-------
Melee: Unarmed           |    17 |       ||    17
       Short sword       |    30 |    30 ||    60
 Cast: Magic Dart        |    69 |    17 ||    86
  Use: Scroll            |     9 |     2 ||    11
       Potion            |     4 |       ||     4
  Eat: Bread ration      |     1 |       ||     1
